 Seeded DCSS version 0.30.1-4-g462c640d31 (webtiles) character file.

Game seed: 6351066067085065685 (custom seed)

1144 Esekla the Thaumaturge (level 8, -5/41 HPs)
             Began as a Deep Elf Wanderer on Sept 5, 2023.
             Was a Believer of Vehumet.
             Slain by Pikel
             ... wielding a +1 whip of flaming
              (10 damage)
             ... on level 7 of the Dungeon.
             The game lasted 00:32:01 (4749 turns).

Esekla the Thaumaturge (Deep Elf Wanderer)          Turns: 4749, Time: 00:32:01

Health: -5/41      AC:  4    Str: 11    XL:     8   Next: 15%
Magic:  10/22      EV: 12    Int: 21    God:    Vehumet [**....]
Gold:   320        SH:  4    Dex: 11    Spells: 12/23 levels left

rFire   . . .        a - +2 dagger (vamp)
rCold   . . .        d - +0 buckler
rNeg    . . .        c - +0 robe
rPois   .            k - +0 helmet
rElec   .            (no cloak)
rCorr   .            n - +0 pair of gloves
SInv    .            (no boots)
Will    .....        m - amulet of magic regeneration
Stlth   ++           (no ring)
HPRegen 0.26/turn    (no ring)
MPRegen 0.58/turn

%: no passive effects
@: no status effects
A: no striking features
a: Renounce Religion


You were on level 7 of the Dungeon.
You worshipped Vehumet.
Vehumet was pleased with you.
You visited 1 branch of the dungeon, and saw 7 of its levels.

You collected 320 gold pieces.

Inventory:

Hand Weapons
 a - a +2 vampiric dagger (weapon)
 r - a +0 trident
 s - the +5 rapier of the Hero {heavy, rN+ Dex+3}
   (You found it on level 3 of the Dungeon)

   Dex:       It affects your dexterity (+3).
   rN:        It protects you from negative energy.
Missiles
 x - 23 poisoned darts (quivered)
Armour
 c - a +0 robe (worn)
 d - a +0 buckler (worn)
 k - a +0 helmet (worn)
 n - a +0 pair of gloves (worn)
Jewellery
 m - an amulet of magic regeneration (around neck)
Wands
 h - a wand of roots (13)
 B - a wand of flame (15)
Scrolls
 f - 2 scrolls of fear
 g - 4 scrolls of identify {unknown}
 p - 2 scrolls of amnesia {unknown}
 q - a scroll of enchant armour {unknown}
 t - 2 scrolls of blinking {unknown}
 v - 2 scrolls of fog {unknown}
 y - a scroll of immolation {unknown}
 z - 3 scrolls of enchant weapon {unknown}
 A - a scroll of magic mapping {unknown}
Potions
 b - 2 potions of lignification
 e - 2 potions of ambrosia {unknown}
 i - a potion of haste {unknown}
 j - 4 potions of curing {unknown}
 l - a potion of mutation {unknown}
 o - 3 potions of attraction {unknown}
 u - 2 potions of heal wounds {unknown}
 w - 3 potions of brilliance {unknown}


   Skills:
 + Level 2.3 Short Blades
 + Level 1.7 Throwing
 * Level 4.2 Dodging
 + Level 2.5 Stealth
 + Level 2.4 Shields
 * Level 8.0 Spellcasting
 * Level 3.5 Conjurations
 * Level 5.0 Necromancy
 + Level 2.3 Translocations
 + Level 1.0 Invocations
 + Level 0.1 Evocations


You had 12 spell levels left.
You knew the following spells:

 Your Spells              Type           Power      Damage    Failure   Level
a - Magic Dart            Conj           92%        1d7       2%          1
b - Blink                 Tloc           36%        N/A       7%          2
c - Sandblast             Erth           16%        2d6       11%         1
d - Vampiric Draining     Necr           29%        2d8       4%          3
p - Apportation           Tloc           36%        N/A       4%          1
t - Teleport Other        Tloc           18%        N/A       13%         3

Your spell library contained the following spells:

 Spells                   Type           Power      Damage    Failure   Level
 Foxfire                  Conj/Fire      60%        2x1d7     5%          1
 Lesser Beckoning         Tloc           36%        N/A       7%          2
 Gell's Gravitas          Tloc           18%        N/A       13%         3
 Ignite Poison            Fire/Tmut/Pois 8%         N/A       32%         3
 Spider Form              Tmut/Pois      8%         N/A       32%         3
 Cause Fear               Hex            4%         N/A       73%         4
 Summon Mana Viper        Hex/Summ       8%         N/A       97%         5


Dungeon Overview and Level Annotations

Branches:
Dungeon (7/15)             Temple (0/1) D:6

Altars:
Dithmenos
Fedhas
Hepliaklqana
Okawaru
Qazlal
Trog
Vehumet
Zin

Shops:
D:2 =   D:4 (

Annotations:
D:7 Pikel


Message History

Aim: Pikel, wielding a +1 whip of flaming, wearing a +0 robe and carrying a wand of roots (6) (lightly wounded, poisoned)
You draw life force from Pikel.
You feel life coursing into your body.
Pikel hits you with a +1 whip of flaming.
Pikel burns you. The grasping roots constrict you!
Casting: Vampiric Draining (dangerous; 4% risk of failure)
Confirm with . or Enter, or press ? or * to list all spells.
Aiming: Vampiric Draining (dangerous; 4% risk of failure)
Press: ? - help, Shift-Dir - straight line, f/p - Pikel
Aim: Pikel, wielding a +1 whip of flaming, wearing a +0 robe and carrying a wand of roots (6) (lightly wounded, poisoned)
You draw life force from Pikel!
You feel life coursing into your body.
Pikel hits you with a +1 whip of flaming!
Pikel burns you. The grasping roots constrict you.
Casting: Vampiric Draining (dangerous; 4% risk of failure)
Confirm with . or Enter, or press ? or * to list all spells.
Aiming: Vampiric Draining (dangerous; 4% risk of failure)
Press: ? - help, Shift-Dir - straight line, f/p - Pikel
Aim: Pikel, wielding a +1 whip of flaming, wearing a +0 robe and carrying a wand of roots (6) (moderately wounded, poisoned)
You draw life force from Pikel!
You feel life coursing into your body!
Pikel looks more healthy.
Pikel hits you with a +1 whip of flaming.
Pikel burns you. The grasping roots constrict you.
The grasping roots release their grip on you.
Casting: Vampiric Draining (dangerous; 4% risk of failure)
Confirm with . or Enter, or press ? or * to list all spells.
Aiming: Vampiric Draining (dangerous; 4% risk of failure)
Press: ? - help, Shift-Dir - straight line, f/p - Pikel
Aim: Pikel, wielding a +1 whip of flaming, wearing a +0 robe and carrying a wand of roots (6) (severely wounded)
You draw life force from Pikel.
You feel life coursing into your body.
Pikel hits you with a +1 whip of flaming!
* * * LOW HITPOINT WARNING * * *
Pikel burns you.
* * * LOW HITPOINT WARNING * * *
Casting: Vampiric Draining (dangerous; 4% risk of failure)
Confirm with . or Enter, or press ? or * to list all spells.
Aiming: Vampiric Draining (dangerous; 4% risk of failure)
Press: ? - help, Shift-Dir - straight line, f/p - Pikel
Aim: Pikel, wielding a +1 whip of flaming, wearing a +0 robe and carrying a wand of roots (6) (severely wounded)
You draw life force from Pikel.
You feel life coursing into your body.
Pikel hits you with a +1 whip of flaming!
You die...

##########
..........
###........#
..........#
###.........#
#(..........#
#..K......#
#..@......#
#...........#
#.#..(......#
# #.........#
#+#####+###


You could see Pikel.

Vanquished Creatures
  An ice beast (D:5)
  A sky beast (D:6)
  2 black bears
  An ogre (D:5)
  A kobold brigand (D:6)
  2 scorpions (D:5)
  5 hounds
  A jelly (D:6)
  A sleepcap (D:5)
  4 iguanas
  4 gnolls
  8 adders
  A white imp (D:5)
  3 dart slugs
  9 orcs
  6 ball pythons
  4 endoplasms
  8 goblins
  4 hobgoblins
  A quokka (D:1)
  4 bats
  4 frilled lizards
  12 kobolds
  A rat (D:2)
88 creatures vanquished.

Notes
Turn   | Place    | Note
-------+----------+-------------------------------------------
     0 | D:1      | Esekla the Deep Elf Wanderer began the quest for the Orb.
     0 | D:1      | Esekla set off with the following items: a +0 club, a
                  | potion of lignification, a +0 robe, a +0 buckler; and the
                  | following spells available to memorise: Apportation, Blink,
                  | Lesser Beckoning, Magic Dart, Ignite Poison, Vampiric
                  | Draining.
     0 | D:1      | Reached XP level 1. HP: 10/10 MP: 7/7
   223 | D:2      | Found Renulab's Jewellery Shop.
   535 | D:4      | Found a radiant altar of Vehumet.
   546 | D:4      | Found an iron altar of Okawaru.
   557 | D:4      | Found a glowing silver altar of Zin.
   636 | D:4      | Became a worshipper of Vehumet
   691 | D:4      | Learned a level 1 spell: Apportation
   694 | D:4      | Learned a level 1 spell: Magic Dart
   736 | D:3      | Reached XP level 2. HP: 15/15 MP: 5/9
   740 | D:3      | Learned a level 2 spell: Blink
   835 | D:3      | Reached skill level 5 in Spellcasting
   967 | D:3      | Found a stormy altar of Qazlal.
  1232 | D:3      | Reached XP level 3. HP: 19/19 MP: 11/11
  1249 | D:3      | Learned a level 3 spell: Vampiric Draining
  1396 | D:3      | Identified the +5 rapier of the Hero {heavy, rN+ Dex+3}
  1511 | D:2      | Reached skill level 1 in Conjurations
  1818 | D:1      | Reached * piety under Vehumet
  1818 | D:1      | Offered knowledge of Sandblast by Vehumet.
  1839 | D:1      | Learned a level 3 spell: Teleport Other
  1841 | D:1      | Learned a level 1 spell: Sandblast
  1894 | D:1      | Reached skill level 1 in Short Blades
  1981 | D:2      | Found a faded altar of an unknown god.
  2019 | D:2      | Reached skill level 1 in Throwing
  2019 | D:2      | Reached XP level 4. HP: 20/24 MP: 9/13
  2069 | D:2      | Noticed a black bear
  2161 | D:2      | Killed a black bear
  2162 | D:2      | Reached skill level 1 in Dodging
  2162 | D:2      | Reached skill level 1 in Necromancy
  2162 | D:2      | Reached XP level 5. HP: 20/28 MP: 4/15
  2277 | D:2      | Reached skill level 6 in Spellcasting
  2720 | D:3      | Found a hazy altar of Hepliaklqana.
  2720 | D:3      | Found a bloodstained altar of Trog.
  2864 | D:4      | Found Ponaysk's Antique Weapon Boutique.
  3154 | D:3      | Reached XP level 6. HP: 30/31 MP: 13/17
  3375 | D:5      | Entered Level 5 of the Dungeon
  3392 | D:5      | Got the Parchment of the Lumpy Olives
  3408 | D:5      | Found a shadowy altar of Dithmenos.
  3686 | D:6      | Noticed an ice beast
  4004 | D:5      | Reached XP level 7. HP: 34/36 MP: 19/19
  4012 | D:5      | Reached skill level 7 in Spellcasting
  4293 | D:5      | Offered knowledge of Foxfire by Vehumet.
  4302 | D:5      | Reached ** piety under Vehumet
  4552 | D:6      | Found a blossoming altar of Fedhas.
  4568 | D:6      | Reached XP level 8. HP: 35/41 MP: 16/21
  4649 | D:6      | Reached skill level 8 in Spellcasting
  4649 | D:6      | Reached skill level 5 in Necromancy
  4699 | D:6      | Found a staircase to the Ecumenical Temple.
  4730 | D:6      | Noticed Pikel
  4749 | D:7      | Slain by Pikel

Illustrated notes

Levels and vault maps discovered:
D:1:      sevenhm_arrival_forest_fort_small_3, layout_rooms,
          chequers_serial_rivers_room_b, minmay_misc_feat_five
D:2:      layout_loops_ring, dreamdust_ecumenical_altar_angels_and_demons,
          serial_shops, shop
D:3:      layout_basic, grunt_temple_overflow_open, minmay_misc_feat_iff
D:4:      layout_basic, nicolae_overflow_quartered_altars, serial_shops,
          nicolae_diamond_shop
D:5:      layout_loops_ring, lemuel_doored_altar, minmay_misc_feat_rows,
          dreamdust_wishing_well
D:6:      layout_loops_cross, fedhas_altar_fruit_tree,
          minmay_temple_entry_glass, uniq_pikel, uniq_blork_the_orc
D:7:      layout_basic, uniq_menkaure, uniq_joseph, uniq_crazy_yiuf_cottage

Skill      XL: |  1  2  3  4  5  6  7  8 |
---------------+-------------------------+-----
Spellcasting   | 5 6 7 8 |  8.0
Shields        | 2 |  2.4
Conjurations   | 1 2 3 |  3.5
Short Blades   | 1 2 |  2.3
Throwing       | 1 |  1.7
Dodging        | 1 2 3 4 |  4.2
Necromancy     | 1 2 4 5 |  5.0
Stealth        | 2 |  2.5
Translocations | |  2.3
Invocations    | |  1.0
Evocations     | |  0.1

Action                     |  1- 3 |  4- 6 |  7- 9 || total
---------------------------+-------+-------+-------++-------
  Melee: Short sword       |    93 |    51 |       ||   144
         Club              |     2 |       |       ||     2
         Dagger            |       |    70 |    89 ||   159
         Rapier            |       |     2 |    10 ||    12
  Throw: Dart              |     3 |    13 |     3 ||    19
   Cast: Magic Dart        |    20 |    16 |     7 ||    43
         Vampiric Draining |     1 |    17 |    24 ||    42
         Blink             |     1 |       |       ||     1
         Teleport Other    |       |       |     1 ||     1
  Evoke: Wand              |     2 |     1 |       ||     3
    Use: Scroll            |       |     1 |       ||     1
   Stab: Sleeping          |     2 |     2 |     2 ||     6
 Armour: Robe              |    21 |    35 |    18 ||    74
  Dodge: Dodged            |    50 |    71 |    65 ||   186
  Block: Buckler           |    10 |    21 |    23 ||    54
